 Dungeon Crawl Stone Soup version 0.25-a0-420-g1cc7eeb0d1 (webtiles) character file.

Game seed: 15741156607070837573, levelgen mode: deterministic

1047 Eurus the Magician (level 8, 0/52 HPs)
             Began as a Mummy Wizard on Jan 19, 2020.
             Was an Initiate of Ashenzari.
             Slain by a killer bee (1 damage)
             ... on level 5 of the Dungeon.
             The game lasted 00:28:22 (6662 turns).

Eurus the Magician (Mummy Wizard)                   Turns: 6662, Time: 00:28:22

Health: 0/52       AC:  7    Str: 10    XL:     8   Next: 5%
Magic:  2/17       EV: 11    Int: 20    God:    Ashenzari [......]
Gold:   188        SH:  3    Dex: 10    Spells: 16/19 levels left

rFire    x . .     SeeInvis .   i - +0 hand axe (venom)
rCold    + . .     Gourm    .   (no shield)
rNeg     + + +     Faith    .   k - +2 leather armour {MR+}
rPois    ∞         Spirit   .   n - +0 helmet
rElec    .         Reflect  +   l - +0 cloak (curse)
rCorr    +         Harm     .   (no gloves)
MR       ++...                  (no boots)
Stlth    ++........             p - +3 amulet of reflection
HPRegen  0.17/turn              t - ring of resist corrosion
MPRegen  0.15/turn              (no ring)

@: no status effects
A: no food or potions, fire vulnerability, cold resistance 1, negative energy
resistance 3, torment resistance, unbreathing
a: Curse Item, Renounce Religion


You were on level 5 of the Dungeon.
You worshipped Ashenzari.
Ashenzari was noncommittal.
You were not hungry.

You visited 2 branches of the dungeon, and saw 7 of its levels.

You collected 188 gold pieces.

Inventory:

Hand Weapons
 e - a +0 dagger
 i - a +0 hand axe of venom (weapon)
 r - a +2 dagger of flaming
 u - a +0 quarterstaff
Armour
 a - a +0 robe
 b - a +0 hat
 k - a +2 leather armour of magic resistance (worn)
 l - a cursed +0 cloak (worn)
 n - a +0 helmet (worn)
Jewellery
 h - an uncursed ring of fire
 p - a +3 amulet of reflection (around neck)
 t - a ring of resist corrosion (left hand)
Wands
 v - a wand of acid (10)
Scrolls
 c - 3 scrolls of identify
 d - a scroll of amnesia {unknown}
 f - a scroll of remove curse
 g - a scroll of teleportation {unknown}
 j - 2 scrolls of immolation {unknown}
 m - a scroll of fog {unknown}
 o - a scroll of magic mapping {unknown}
 q - a scroll of fear {unknown}
 s - 2 scrolls of enchant armour {unknown}


   Skills:
 + Level 1.3 Staves
 + Level 2.7 Armour
 - Level 1.5 Dodging
 - Level 3.0 Stealth
 + Level 6.2 Spellcasting
 * Level 4.6 Conjurations
   Level 0.7 Summonings
 + Level 3.0 Translocations


You had 16 spell levels left.
You knew the following spells:

 Your Spells              Type           Power        Failure   Level  Hunger
a - Magic Dart            Conj           ###.         1%          1    N/A
b - Blink                 Tloc           N/A          6%          2    N/A

Your spell library contained the following spells:

 Spells                   Type           Power        Failure   Level  Hunger
 Call Imp                 Summ           #.......     16%         2    N/A
 Conjure Flame            Conj/Fire      ###.....     16%         3    N/A
 Slow                     Hex            #.......     21%         2    N/A
 Mephitic Cloud           Conj/Pois/Air  ##......     22%         3    N/A

Dungeon Overview and Level Annotations

Branches:
Dungeon (6/15)             Temple (1/1) D:5

Altars:
Ashenzari
Cheibriados
Dithmenos
Elyvilon
Fedhas
Gozag
Hepliaklqana
Kikubaaqudgha
Makhleb
Nemelex Xobeh
Okawaru
Qazlal
Ru
Sif Muna
Trog
Uskayaw
Vehumet
Wu Jian
Xom
Yredelemnul
Zin
The Shining One

Annotations:
D:5 exclusion: sky beast
D:6 Sigmund


Innate Abilities, Weirdness & Mutations

You do not eat or drink.
Your flesh is vulnerable to fire.
You are immune to poison.
Your flesh is cold resistant. (rC+)
You are immune to negative energy. (rN+++)
You are immune to unholy pain and torment.
You can survive without breathing.


Message History

Casting: Blink (safe; 6% risk of failure)
Confirm with . or Enter, or press ? or * to list all spells.
You blink.
There is an open door here.
Casting: Blink (safe; 6% risk of failure)
Confirm with . or Enter, or press ? or * to list all spells.
Aiming: Magic Dart (safe; 1% risk of failure)
Press: ? - help, Shift-Dir - straight line, f/p - killer bee
Aim: a killer bee (heavily wounded)
The magic dart hits the killer bee.
The killer bee is severely wounded.
You block the killer bee's attack.
Casting: Magic Dart (safe; 1% risk of failure)
Confirm with . or Enter, or press ? or * to list all spells.
You blink.
You open the door. The killer bee stings you.
* * * LOW HITPOINT WARNING * * *
The killer bee barely misses you. The killer bee stings you.
You die...

....# ....# ....# ....# ....##
####### .....# ....... ####.#
....... ####.############.......
##### ...............y@......>
+.... ........#####.###.......
##### .<###...# #.# ....... #
#.###...# #§# ....... #
#..##...#####'###...........## #
...##............######......####
##..#............####........##..
###.#.......[....##..........##.#
..#..............##..........##.#


You could see a killer bee.

Vanquished Creatures
  4 ogres
  2 centaurs
  A centaur zombie (D:5)
  2 hounds (D:4)
  An orc wizard (D:4)
  3 orc priests (D:4)
  An iguana (D:5)
  6 worker ants
  Robin (D:1)
  5 adders
  2 worms
  14 orcs
  7 bats
  8 giant cockroaches
  17 goblins
  7 hobgoblins
  10 jackals
  4 quokkas
  A ball python (D:1)
  7 frilled lizards
  5 kobolds
  11 rats
119 creatures vanquished.

Notes
Turn   | Place    | Note
-------+----------+-------------------------------------------
     0 | D:1      | Eurus the Mummy Wizard began the quest for the Orb.
     0 | D:1      | Reached XP level 1. HP: 13/13 MP: 5/5
   201 | D:1      | Reached skill level 1 in Conjurations
   385 | D:1      | Reached XP level 2. HP: 19/19 MP: 5/7
   399 | D:1      | Learned a level 2 spell: Blink
   895 | D:1      | Reached skill level 1 in Translocations
   952 | D:2      | Noticed Robin
  1472 | D:1      | Reached XP level 3. HP: 24/24 MP: 6/8
  1517 | D:2      | Found a glowing golden altar of the Shining One.
  1938 | D:2      | Found a bloodstained altar of Trog.
  2303 | D:2      | Reached XP level 4. HP: 30/30 MP: 10/10
  2375 | D:2      | Found a snail-covered altar of Cheibriados.
  2377 | D:2      | Found an opulent altar of Gozag.
  2643 | D:1      | Killed Robin
  2759 | D:3      | Found a shimmering altar of Xom.
  3087 | D:3      | Found a faded altar of an unknown god.
  3289 | D:3      | Reached XP level 5. HP: 27/35 MP: 8/12
  3475 | D:4      | Noticed a centaur
  3478 | D:4      | Killed a centaur
  3478 | D:4      | Reached skill level 1 in Armour
  3478 | D:4      | Reached skill level 5 in Spellcasting
  3556 | D:4      | Noticed an ogre
  3599 | D:4      | Noticed an ogre
  3660 | D:4      | Reached XP level 6. HP: 41/41 MP: 8/13
  4564 | D:4      | Reached XP level 7. HP: 41/46 MP: 11/15
  4848 | D:5      | Entered Level 5 of the Dungeon
  4961 | D:5      | Found a staircase to the Ecumenical Temple.
  4970 | Temple   | Entered the Ecumenical Temple
  5138 | Temple   | Became a worshipper of Ashenzari the Shackled
  5191 | D:5      | Found a white marble altar of Elyvilon.
  5207 | D:5      | Reached skill level 1 in Staves
  5207 | D:5      | Reached skill level 6 in Spellcasting
  6204 | D:5      | Reached XP level 8. HP: 52/52 MP: 15/17
  6519 | D:6      | Noticed Sigmund
  6652 | D:5      | HP: 2/52 [killer bee (2)]
  6661 | D:5      | HP: 1/52 [killer bee (1)]
  6662 | D:5      | Slain by a killer bee

Levels and vault maps discovered:
D:1:      elethiomel_arrival_maze, layout_basic
D:2:      layout_rooms, lemuel_round_altar, nicolae_overflow_hidden_temple,
          tso_metal_star, first_ration, uniq_robin
D:3:      layout_rooms, lemuel_crystal_altar,
          chequers_ecumenical_altar_simple_redux
D:4:      layout_cave_pools, kennysheep_generic_room_11
D:5:      layout_basic, kennysheep_mini_moat, minmay_temple_entry_glassed_door
D:6:      layout_loops_ring, lemuel_altar_in_water, uniq_sigmund
Temple:   regret_index_temple_sphere_string

Skill      XL: |  1  2  3  4  5  6  7 |
---------------+----------------------+-----
Conjurations   | 1 2 3 4 |  4.6
Stealth        | 2 3 |  3.0
Translocations | 1 2 3 |  3.0
Armour         | 1 2 |  2.7
Spellcasting   | 5 6 |  6.2
Staves         | 1 |  1.3
Dodging        | |  1.5
Summonings     | |  0.7

Action                   |  1- 3 |  4- 6 |  7- 9 || total
-------------------------+-------+-------+-------++-------
Melee: Unarmed           |    13 |       |       ||    13
       Dagger            |    36 |       |       ||    36
       Hand axe          |    27 |   140 |    69 ||   236
 Cast: Magic Dart        |    99 |    96 |    73 ||   268
       Blink             |       |       |     6 ||     6
  Use: Scroll            |       |     1 |       ||     1
 Stab: Sleeping          |       |     1 |       ||     1
Armor: Robe              |    28 |       |       ||    28
       Leather armour    |    13 |    72 |    25 ||   110
Dodge: Dodged            |   115 |    86 |    50 ||   251
Block: Other             |       |    10 |    14 ||    24
       Reflection        |       |     1 |       ||     1

Table legend:
 A = Non-vault XP
 B = Vault XP
 C = Vault XP percentage of total XP
 D = Non-vault monster count
 E = Vault monster count
 F = Vault count percentage of total count
                 A         B        C        D         E       F
            +---------+---------+-------+---------+---------+-------
      Total |    1427 |      69 |   4.6 |     107 |      12 |  10.1
            +---------+---------+-------+---------+---------+-------
        D:1 |      40 |      18 |  31.0 |      24 |       2 |   7.7
        D:2 |      58 |      18 |  23.7 |      22 |       9 |  29.0
        D:3 |      76 |       0 |   0.0 |      26 |       0 |   0.0
        D:4 |     790 |      33 |   4.0 |      16 |       1 |   5.9
        D:5 |     463 |       0 |   0.0 |      19 |       0 |   0.0
            +---------+---------+-------+---------+---------+-------
